 Dungeon Crawl Stone Soup version 0.28.0-1-gb440e238dd (webtiles) character file.

Game seed: 9997997725245658628

447 hawla the Conjurer (level 6, -2/33 HPs)
             Began as a Deep Elf Conjurer on Feb 25, 2022.
             Killed by miscasting Iskenderun's Mystic Blast (10 damage)
             ... on level 4 of the Dungeon.
             The game lasted 00:09:12 (4746 turns).

hawla the Conjurer (Deep Elf Conjurer)              Turns: 4746, Time: 00:09:13

Health: -2/33      AC:  5    Str: 12    XL:     6   Next: 73%
Magic:  2/14       EV: 17    Int: 23    God:
Gold:   186        SH:  0    Dex: 13    Spells: 6/13 levels left

rFire   . . .      SeeInvis .   n - +2 quarterstaff (chaos)
rCold   . . .      Faith    .   (shield currently unavailable)
rNeg    . . .      Spirit   .   a - +0 robe
rPois   .          Reflect  .   i - +0 helmet
rElec   .          Harm     .   o - +1 cloak
rCorr   .          Rampage  .   (no gloves)
Will    .....                   (no boots)
Stlth   ++........              (no amulet)
HPRegen 0.11/turn               e - +6 ring of strength
MPRegen 0.14/turn               k - +4 ring of evasion

@: very slightly contaminated
A: no striking features
a: no special abilities


You were on level 4 of the Dungeon.
You visited 1 branch of the dungeon, and saw 4 of its levels.

You collected 186 gold pieces.

Inventory:

Hand Weapons
 n - a +2 quarterstaff of chaos (weapon)
Missiles
 d - 2 poisoned darts
 f - 3 boomerangs
Armour
 a - a +0 robe (worn)
 i - a +0 helmet (worn)
 o - a +1 cloak (worn)
Jewellery
 e - a +6 ring of strength (left hand)
 k - a +4 ring of evasion (right hand)
Scrolls
 b - a scroll of immolation {unknown}
 g - a scroll of teleportation {unknown}
 l - 2 scrolls of magic mapping
Potions
 c - a potion of might
 h - a potion of heal wounds {unknown}
 j - a potion of magic {unknown}
 m - a potion of mutation {unknown}


   Skills:
 + Level 0.9 Fighting
 + Level 1.5 Staves
 + Level 3.8 Dodging
 + Level 4.0 Stealth
 + Level 4.2 Spellcasting
 + Level 6.9 Conjurations
 + Level 0.9 Translocations


You had 6 spell levels left.
You knew the following spells:

 Your Spells              Type           Power      Damage    Failure   Level
a - Magic Dart            Conj           100%       1d8       1%          1
b - Searing Ray           Conj           74%        2d7       1%          2
c - Iskenderun's Mystic   Conj/Tloc      23%        2d6       21%         4

Your spell library contained the following spells:

 Spells                   Type           Power      Damage    Failure   Level
 Dazzling Flash           Conj/Hex       40%        N/A       8%          3
 Fulminant Prism          Conj/Hex       10%        3d9       24%         4


Dungeon Overview and Level Annotations

Branches:
Dungeon (4/15)
 Temple: D:4-7

Altars:

Annotations:
D:4 Edmund


Message History

Aim: a goblin, wielding a +0 club (76% to hit)
The searing ray hits the goblin!
You kill the goblin! (Press . to maintain the ray.) Unknown command.
You see here a +0 club.
Edmund the Younger comes into view.
He is wielding a +5 vorpal flail.
Edmund is nearby!
Edmund is nearby!
Edmund is nearby!
Edmund is nearby!
An orc comes into view. It is wielding a +0 short sword.
The helpless Edmund fails to defend himself.
You thump Edmund!
Edmund is moderately wounded.
Edmund hits you with a +5 vorpal flail. Edmund hits you with a +5 vorpal flail!
You are too injured to fight recklessly!
Casting: Searing Ray (safe; 1% risk of failure)
Confirm with . or Enter, or press ? or * to list all spells.
The spell is extremely dangerous to miscast (21% risk of failure)!
Continue anyway?
You miscast Iskenderun's Mystic Blast.
You are very lightly contaminated with residual magic.
Nothing appears to happen.
The orc shouts!
Edmund hits you with a +5 vorpal flail.
* * * LOW HITPOINT WARNING * * *
x2
Casting: Iskenderun's Mystic Blast (extremely dangerous; 21% risk of failure)
Confirm with . or Enter, or press ? or * to list all spells.
The spell is extremely dangerous to miscast (21% risk of failure)!
Continue anyway?
You erupt in a blast of force!
The mystic blast hits Edmund.
Edmund is moderately wounded.
Edmund is knocked back by the mystic blast.
As you read the scroll labelled VUMMACLATTO, it crumbles to dust.
You feel aware of your surroundings.
It was a scroll of magic mapping.
Casting: Iskenderun's Mystic Blast (extremely dangerous; 21% risk of failure)
Confirm with . or Enter, or press ? or * to list all spells.
The spell is extremely dangerous to miscast (21% risk of failure)!
Continue anyway?
You miscast Iskenderun's Mystic Blast.
The air around you crackles with energy!
You die...

#.########.###.#.##.
#..............#....
*#..######.##≈≈≈≈.≈≈≈
##,#.## #)##≈##≈.≈##
#.###.#####.##≈###+###
*#.#........##≈≈*,,,*≈
*#...########≈≈*,,,*≈
##..# #≈≈#,,,#≈ #.@#
#≈##***## #.@# *≈**≈≈≈**
#o.# ******≈≈≈≈≈≈≈≈ #..#
*,,,,,****,*,,
******#..#**,***,* *,*,*
*,,,,,....,,,* *,****,*,*
*,****#.##*,,***,,,,,,*,*
*,* #.,,,,,,,,,******,*
*,* ******,,,,,,,,,,,,*


You could see Edmund and an orc.

Vanquished Creatures
  A water moccasin (D:3)
  Crazy Yiuf (D:3)
  2 orc wizards (D:4)
  Robin (D:2)
  12 gnolls
  2 adders (D:2)
  2 dart slugs (D:3)
  18 orcs
  11 endoplasms
  2 giant cockroaches
  12 goblins
  9 hobgoblins
  2 jackals (D:2)
  2 quokkas (D:1)
  4 ball pythons (D:1)
  5 bats
  2 frilled lizards (D:1)
  11 kobolds
  6 rats
105 creatures vanquished.

Notes
Turn   | Place    | Note
-------+----------+-------------------------------------------
     0 | D:1      | hawla the Deep Elf Conjurer began the quest for the Orb.
     0 | D:1      | Reached XP level 1. HP: 10/10 MP: 6/6
   138 | D:1      | Reached XP level 2. HP: 15/15 MP: 6/8
   166 | D:1      | Learned a level 2 spell: Searing Ray
   366 | D:1      | Reached skill level 5 in Conjurations
   763 | D:1      | Found a faded altar of an unknown god.
   841 | D:1      | Reached XP level 3. HP: 19/19 MP: 6/9
  1118 | D:2      | Reached XP level 4. HP: 24/24 MP: 1/10
  1253 | D:2      | Reached skill level 6 in Conjurations
  1260 | D:2      | Learned a level 4 spell: Iskenderun's Mystic Blast
  1518 | D:2      | Noticed Robin
  1521 | D:2      | Killed Robin
  2177 | D:2      | Reached XP level 5. HP: 28/28 MP: 5/12
  3327 | D:3      | Found a runed translucent door.
  3328 | D:3      | Noticed Crazy Yiuf
  3676 | D:3      | Killed Crazy Yiuf
  3743 | D:4      | Noticed a water moccasin
  3826 | D:3      | HP: 1/28 [water moccasin (7)]
  4147 | D:3      | Killed a water moccasin
  4148 | D:3      | Reached skill level 1 in Staves
  4148 | D:3      | Reached XP level 6. HP: 33/33 MP: 2/14
  4738 | D:4      | Noticed Edmund
  4746 | D:4      | Killed by miscasting Iskenderun's Mystic Blast

Illustrated notes

Levels and vault maps discovered:
D:1:      dpeg_arrival_chambers_temple_mockup, layout_rooms,
          shapermc_ecumenical_altar_pompeii
D:2:      layout_basic, uniq_robin
D:3:      layout_loops_ring, uniq_crazy_yiuf_cottage
D:4:      layout_loops_ring, lightli_minifort, uniq_edmund

Skill      XL: |  1  2  3  4  5  6 |
---------------+-------------------+-----
Conjurations   | 5 6 |  6.9
Dodging        | 3 |  3.8
Stealth        | 3 4 |  4.0
Staves         | 1 |  1.5
Spellcasting   | 4 |  4.2
Fighting       | |  0.9
Translocations | |  0.9

Action                   |  1- 3 |  4- 6 || total
-------------------------+-------+-------++-------
Melee: Unarmed           |     4 |     4 ||     8
       Whip              |       |    21 ||    21
       Quarterstaff      |       |    41 ||    41
       Punch             |       |     1 ||     1
 Cast: Magic Dart        |    20 |    21 ||    41
       Searing Ray       |    17 |    40 ||    57
       Iskenderun's Myst |       |    10 ||    10
  Use: Scroll            |     3 |     3 ||     6
       Potion            |       |     2 ||     2
 Stab: Distracted        |       |     2 ||     2
       Sleeping          |       |     2 ||     2
Armor: Robe              |     3 |    20 ||    23
Dodge: Dodged            |     4 |    55 ||    59
